AoeStats
← marcinpiekary

Black Forest

507136916Analyzed
4v4 RM · 16d ago on Sep 16, 2026· 46m 11s· 8 players
Game mode
Random Map
Map size
Large (8 player)
Population
200
Speed
Normal
Resources
Standard
Victory
Conquest
Starting age
Dark Age
Ending age
Imperial Age
RankedLock teamsTeams togetherTeam positionsShared explorationLock speedFull tech treeHidden civsTurbo modeCheats
Victory
Defeat
🇪🇸 Goths · Spain
649
+8
🇪🇸 Berbers · Spain
614
+10
🇵🇱 Persians · Poland
583
+11
533
+13
🇦🇷 Bengalis · Argentina
525
-13
🇺🇸 Franks · United States
457
-10
🇵🇪 Persians · Peru
449
-10
🇧🇷 Tupi · Brazil
431
-9
Treblax
15:05 Feudal Age
17:01 Wheelbarrow
16:37 Man-at-Arms
17:16 Town Watch
20:05 Gold Mining
20:18 Double-Bit Axe
23:49 Stone Mining
27:34 Scale Barding Armor
29:39 Castle Age
28:34 Forging
30:32 Husbandry
34:44 Iron Casting
34:30 Chain Barding Armor
43:32 Bow Saw
46:10 Coinage
ezequielb89
3:52 Loom
13:48 Feudal Age
15:06 Wheelbarrow
14:57 Horse Collar
15:34 Double-Bit Axe
15:47 Town Watch
18:53 Stone Mining
18:54 Gold Mining
26:52 Castle Age
29:22 Hand Cart
29:11 Town Patrol
29:49 Heavy Plow
30:05 Bow Saw
30:34 Gold Shaft Mining
31:01 Padded Archer Armor
30:52 Fletching
31:14 Scale Barding Armor
pavelinhos
0:36 Loom
13:04 Feudal Age
18:59 Castle Age
19:52 Stone Mining
22:32 Horse Collar
22:43 Double-Bit Axe
27:25 Wheelbarrow
26:54 Town Watch
28:23 Heavy Plow
28:46 Hand Cart
29:08 Scale Barding Armor
34:15 Imperial Age
32:20 Gold Mining
33:22 Fletching
33:33 Padded Archer Armor
33:46 Kamandaran
34:27 Murder Holes
35:50 Crop Rotation
35:02 Crossbowman
35:47 Thumb Ring
36:08 Leather Archer Armor
35:48 Bodkin Arrow
39:03 Stone Shaft Mining
39:50 Gold Shaft Mining
39:52 Caravan
40:51 Town Patrol
44:09 Chemistry
43:30 Ballistics
44:24 Ring Archer Armor
43:58 Elite War Elephant
Sauleta
0:42 Loom
13:24 Feudal Age
13:55 Town Watch
21:04 Castle Age
40:17 Imperial Age
38:49 Double-Bit Axe
39:38 Horse Collar
40:48 Gold Mining
42:10 Conscription
42:45 Wheelbarrow
42:14 Town Patrol
43:06 Stone Mining
44:09 Caciques
44:40 Caravan
46:11 Heavy Plow
46:24 Bow Saw
RuubenESP
4:00 Loom
10:55 Feudal Age
11:27 Double-Bit Axe
12:04 Horse Collar
13:15 Wheelbarrow
19:31 Castle Age
20:06 Man-at-Arms
24:02 Gold Mining
25:04 Long Swordsman
35:35 Imperial Age
36:14 Arson
35:51 Two-Handed Swordsman
39:14 Champion
42:07 Chemistry
41:04 Murder Holes
xerrinho
0:38 Loom
12:41 Feudal Age
16:07 Man-at-Arms
20:23 Castle Age
18:09 Horse Collar
18:19 Double-Bit Axe
22:52 Wheelbarrow
22:35 Bow Saw
23:47 Heavy Plow
24:02 Gold Mining
25:11 Murder Holes
27:56 Long Swordsman
28:50 Stone Mining
30:30 Forging
30:22 Scale Mail Armor
30:23 Fletching
31:03 Ballistics
32:07 Hand Cart
32:08 Pikeman
36:58 Stone Shaft Mining
38:58 Imperial Age
37:55 Anarchy
39:18 Squires
39:19 Bodkin Arrow
40:00 Iron Casting
39:41 Chain Mail Armor
42:06 Conscription
41:48 Perfusion
43:09 Two-Handed Swordsman
43:11 Halberdier
44:25 Perfusion
44:47 Conscription
victorserranoalcazar
0:29 Loom
12:10 Feudal Age
13:49 Wheelbarrow
13:07 Horse Collar
13:32 Double-Bit Axe
16:49 Gold Mining
22:31 Castle Age
20:27 Stone Mining
21:27 Scale Mail Armor
21:37 Forging
23:54 Hand Cart
23:07 Pikeman
23:49 Squires
24:29 Gold Shaft Mining
23:58 Heavy Plow
26:24 Stone Shaft Mining
26:23 Bow Saw
27:02 Arson
28:01 Caravan
32:35 Chain Mail Armor
32:56 Iron Casting
37:53 Imperial Age
39:11 Plate Mail Armor
38:48 Scale Barding Armor
40:18 Chemistry
38:59 Treadmill Crane
39:24 Husbandry
38:50 Halberdier
40:49 Crop Rotation
42:37 Elite Cataphract
44:43 Logistica
47:04 Chain Barding Armor
marcinpiekary
1:00 Loom
15:59 Feudal Age
17:13 Wheelbarrow
16:32 Horse Collar
23:50 Castle Age
22:40 Stone Mining
22:45 Fletching
22:48 Double-Bit Axe
24:37 Hand Cart
29:02 Heavy Plow
34:11 Imperial Age
32:17 Bodkin Arrow
32:23 Padded Archer Armor
33:03 Kamandaran
34:10 Bow Saw
34:51 Leather Archer Armor
34:41 Scale Mail Armor
34:13 Crossbowman
34:59 Thumb Ring
37:33 Two-Man Saw
38:40 Town Watch
40:59 Crop Rotation
42:33 Citadels
44:34 Hoardings
45:47 Stone Shaft Mining
45:03 Gold Mining
46:34 Town Patrol
47:12 Ring Archer Armor
46:43 Scale Mail Armor
46:54 Forging
46:51 Scale Barding Armor
Connection lost

Rejoining the realm…

Still unreachable

The connection could not be restored.

Session expired

The server has moved on; the page needs a fresh start.